Map: Catalyseur EC

Players

HoldTheDoor

  • Race: Protoss Protoss
  • League: Diamond
  • Spawn Location: 5:00

kurwox - Winner!

  • Race: Protoss Protoss
  • League: Diamond
  • Spawn Location: 11:00

VOD

Have the link to the VOD?

Description

Time

  • Played on: July 6, 2018, 10:10 a.m.
  • Length: 15:22
Show
View Real Time Build Order
Export as new Build Order

HoldTheDoor Protoss 

Build Orders: Blink Stalkers 

Get SALT Encoding   

  12  0:00  Probe  
  13  0:13  Probe  
  14  0:19  Pylon  
  14  0:25  Probe  
  15  0:37  Probe  
  15  0:39  Gateway  
  16  0:49  Probe  
  17  1:01  Assimilator  
  17  1:04  Assimilator, Probe  
  18  1:14  Gateway  
  18  1:16  Probe  
  19  1:28  Probe  
  20  1:34  Cybernetics Core  
  20  1:40  Probe  
  20  1:43  Pylon  
  23  1:58  Probe  
  22  2:02  Warp Gate  
  22  2:10  Probe  
  22  2:11  Stalker x2  
  27  2:16  Pylon  
  27  2:22  Probe  
  28  2:33  Shield Battery  
  28  2:34  Probe  
  28  2:41  Stalker  
  30  2:44  Stalker  
  32  2:56  Twilight Council  
  32  3:04  Probe  
  33  3:16  Probe  
  34  3:28  Probe  
  34  3:31  Blink  
  34  3:32  Nexus  
  35  3:41  Probe  
  36  4:02  Dark Shrine  
  36  4:03  Probe  
  36  4:05  Pylon  
  37  4:16  Pylon  
  37  4:19  Probe  
  38  4:25  Stalker  
  38  4:26  Stalker  
  42  4:34  Probe  
  42  4:36  Pylon  
  43  4:46  Probe  
  43  4:50  Stargate, Probe  
  45  4:57  Shield Battery  
  45  4:58  Probe  
  46  5:02  Probe  
  46  5:05  Assimilator  
  47  5:10  Probe, Pylon  
  49  5:14  Probe  
  48  5:26  Shield Battery  
  48  5:31  Robotics Facility, Probe x2  
  50  5:40  Assimilator  
  50  5:41  Pylon  
  48  5:42  Stalker  
  48  5:43  Probe x2  
  48  5:46  Phoenix  
  52  5:55  Probe x2  
  54  6:00  Dark Templar  
  56  6:06  Dark Templar  
  56  6:08  Probe  
  56  6:09  Probe  
  60  6:12  Phoenix  
  53  6:34  Stalker  
  53  6:39  Stalker  
  57  6:50  Pylon  
  57  6:53  Protoss Air Weapons Level 1  
  57  6:57  Forge  
  57  6:58  Phoenix  
  57  7:00  Forge  
  59  7:03  Pylon  
  59  7:06  Pylon  
  59  7:10  Stalker  
  59  7:14  Probe x2  
  63  7:26  Stalker, Probe x2  
  67  7:31  Phoenix  
  69  7:38  Probe  
  66  7:45  Probe  
  66  7:49  Photon Cannon  
  66  7:50  Probe  
  68  7:55  Dark Templar  
  68  7:56  Photon Cannon  
  70  7:58  Photon Cannon  
  70  8:00  Dark Templar  
  70  8:04  Archon  
  72  8:06  Probe x2  
  64  8:28  Photon Cannon  
  64  8:30  Photon Cannon, Protoss Ground Weapons Level 1  
  62  8:34  Stalker x2  
  66  8:42  Probe x2  
  66  8:46  Phoenix  
  68  8:51  Gateway  
  68  8:53  Protoss Shields Level 1  
  68  8:54  Probe, Gateway  
  71  9:09  Probe  
  73  9:10  Probe  
  73  9:25  Probe x2  
  74  9:31  Stalker  
  74  9:32  Stalker  
  74  9:37  Probe x2  
  80  9:45  Pylon  
  80  9:50  Photon Cannon  
  80  9:51  Pylon  
  80  9:55  Dark Templar x2  
  80  9:59  Archon  
  82  10:18  Dark Templar x2  
  86  10:30  Gateway  
  86  10:35  Gateway  
  86  10:37  Archon  
  86  10:43  Fleet Beacon  
  86  10:44  Observer, Pylon  
  79  11:10  Stalker x2  
  79  11:11  Stalker x2  
  85  11:26  Probe  
  85  11:27  Probe  
  87  11:39  Probe x2  
  89  11:45  Nexus  
  89  11:46  Pylon  
  89  11:47  Pylon  
  89  11:48  Pylon  
  89  11:50  Pylon  
  89  11:51  Probe x2, Photon Cannon  
  89  11:52  Photon Cannon  
  89  11:54  Dark Templar x3, Pylon  
  95  11:55  Assimilator  
  95  11:57  Pylon  
  95  11:59  Dark Templar  
  95  12:00  Assimilator  
  99  12:01  Archon  
  99  12:03  Archon  
  99  12:04  Probe x2  
  99  12:05  Photon Cannon  
  99  12:07  Protoss Ground Weapons Level 2  
  101  12:08  Pylon  
  99  12:36  Photon Cannon  
  99  12:41  Photon Cannon  
  99  12:42  Probe x2  
  99  12:43  Pylon  
  101  12:54  Probe  
  101  12:55  Probe  
  103  13:05  Probe  
  104  13:06  Probe  
  104  13:07  Probe  
  106  13:17  Stalker x6, Probe  
  106  13:19  Probe  
  120  13:32  Probe x2  
  122  13:39  Probe  
  123  13:51  Carrier  
  123  14:02  Pylon  
  129  14:05  Graviton Catapult  
  129  14:08  Pylon  
  126  14:12  Pylon  
  123  14:17  Probe x3  
  126  14:27  Photon Cannon  
  126  14:31  Probe x2, Photon Cannon  
  126  14:33  Shield Battery  
  126  14:37  Shield Battery, Probe  
  129  14:44  Photon Cannon  
  129  14:45  Dark Templar x4  
  133  14:49  Archon x2  
  137  14:58  Nexus  
Show
View Real Time Build Order
Export as new Build Order

kurwox Protoss - Winner!

Build Orders: Phoenix Opening 

Get SALT Encoding   

  12  0:00  Probe  
  13  0:13  Probe  
  14  0:18  Pylon  
  14  0:25  Probe  
  15  0:34  Probe  
  15  0:36  Gateway  
  16  0:43  Assimilator, Probe  
  17  0:54  Probe  
  18  0:59  Assimilator  
  18  1:06  Probe  
  19  1:14  Probe  
  20  1:22  Probe  
  20  1:23  Cybernetics Core  
  20  1:31  Pylon  
  21  1:43  Pylon  
  21  1:46  Probe  
  22  1:55  Stalker  
  22  2:00  Warp Gate  
  24  2:06  Stargate  
  24  2:07  Probe  
  25  2:19  Stalker  
  27  2:39  Probe  
  28  2:53  Nexus  
  28  3:03  Pylon  
  28  3:06  Phoenix  
  30  3:18  Stargate  
  30  3:21  Probe  
  31  3:31  Shield Battery  
  31  3:39  Phoenix  
  33  3:51  Probe  
  34  3:56  Pylon  
  34  4:03  Phoenix  
  34  4:04  Phoenix  
  38  4:11  Probe  
  38  4:12  Probe  
  40  4:23  Probe  
  41  4:28  Phoenix  
  41  4:31  Phoenix  
  45  4:35  Probe  
  45  4:37  Probe  
  47  4:41  Assimilator  
  47  4:48  Probe  
  47  4:49  Probe  
  49  4:53  Phoenix  
  51  5:05  Probe  
  52  5:07  Phoenix  
  52  5:11  Probe  
  52  5:14  Assimilator  
  55  5:17  Probe  
  56  5:26  Probe x2  
  56  5:33  Phoenix  
  60  5:44  Phoenix  
  62  6:01  Pylon  
  62  6:06  Pylon  
  62  6:13  Gateway  
  62  6:16  Gateway  
  62  6:19  Probe x2  
  62  6:20  Oracle  
  62  6:22  Oracle  
  70  6:36  Forge  
  66  6:42  Probe  
  66  6:46  Gateway  
  67  6:47  Gateway  
  67  7:19  Photon Cannon  
  67  7:22  Protoss Ground Weapons Level 1  
  67  7:23  Photon Cannon  
  67  7:25  Photon Cannon  
  67  7:28  Photon Cannon, Phoenix x2  
  71  7:32  Fleet Beacon  
  71  7:36  Photon Cannon  
  71  7:50  Probe x2  
  73  7:59  Twilight Council  
  73  8:00  Phoenix x2  
  75  8:26  Phoenix x2  
  69  8:30  Anion Pulse-Crystals  
  73  8:44  Templar Archives  
  73  8:48  Phoenix  
  73  8:49  Robotics Facility, Phoenix  
  73  8:52  Robotics Facility  
  77  9:00  Probe  
  77  9:01  Nexus  
  78  9:05  Pylon  
  78  9:21  Pylon  
  78  9:23  Probe, Protoss Ground Weapons Level 2, Phoenix x2  
  83  9:39  Immortal  
  83  9:42  Immortal  
  91  9:45  Assimilator  
  91  9:50  Assimilator  
  91  10:11  Immortal x2  
  91  10:12  Probe x2  
  91  10:14  Probe  
  98  10:27  High Templar  
  104  10:29  Zealot x2  
  104  10:32  Charge  
  108  10:39  Pylon  
  108  10:40  Probe  
  109  10:52  Probe  
  100  11:05  Immortal x2  
  100  11:11  Probe  
  109  11:32  Phoenix x2  
  111  11:40  Probe  
  111  11:42  Observer  
  111  11:44  Forge  
  113  11:48  High Templar x2  
  117  11:55  Gateway  
  117  11:57  Gateway x2  
  117  11:59  Gateway  
  117  12:02  Archon  
  117  12:03  Pylon  
  117  12:06  Protoss Ground Armor Level 1  
  117  12:07  Protoss Ground Weapons Level 3  
  115  12:21  Immortal x2  
  115  12:22  Pylon  
  123  12:36  High Templar  
  125  12:42  High Templar x2  
  125  12:43  High Templar x2  
  125  12:44  Pylon  
  133  12:47  Archon x2  
  133  12:48  Archon  
  133  12:56  Pylon  
  133  13:02  Probe  
  133  13:03  Immortal  
  134  13:07  Gateway x2  
  134  13:09  Pylon, Gateway  
  134  13:12  Gateway  
  138  13:15  Immortal  
  138  13:16  Pylon  
  140  13:38  Immortal  
  140  13:47  Nexus  
  144  13:54  Immortal  
  148  14:07  Immortal  
  150  14:24  Immortal  
  154  14:38  Warp Prism  
  154  14:39  Pylon  
  154  14:51  Pylon  
  156  14:55  Pylon  
  160  15:10  Pylon  
  160  15:13  Pylon  
  160  15:15  Assimilator  
  160  15:20  Assimilator  
Tags
 
Add a new tag
Caveats
  • Supply blocks, unpowered buildings, or Contaminate may cause inaccurate times.
  • Supply counts are checked every 10 seconds.